 Dungeon Crawl Stone Soup version 0.18-a0-998-gcb3fcb1 (webtiles) character file.

564 Duffy the Ruffian (level 7, -5/66 HPs)
             Began as a Troll Monk on Jan 5, 2016.
             Killed from afar by an orc wizard (7 damage)
             ... with a magic dart
             ... on level 4 of the Dungeon.
             The game lasted 00:02:24 (1394 turns).

Duffy the Ruffian (Troll Monk)                      Turns: 1394, Time: 00:02:24

Health: -5/66      AC:  7    Str: 20    XL:     7   Next: 10%
Magic:  6/6        EV: 12    Int:  6    God:
Gold:   62         SH:  0    Dex: 14    Spells: 0 memorised, 6 levels left

rFire  . . .     SeeInvis .       - Unarmed
rCold  . . .     Gourm    +     a - +0 robe
rNeg   . . .     Faith    .     (no shield)
rPois  .         Spirit   .     (helmet restricted)
rElec  .         Dismiss  .     m - +1 cloak
rCorr  .         Reflect  .     (gloves unavailable)
SustAt .         Harm     .     (boots unavailable)
MR     .....                    (no amulet)
Stlth  ++........               (no ring)
                                (no ring)

@: lethally poisoned (-5 -> -6), not resistant to hostile enchantments,
unstealthy
A: unfitting armour, claws 3, fast metabolism 3, gourmand, regeneration 2,
shaggy fur 1, tough skin 2
a: no special abilities


You were on level 4 of the Dungeon.
You were very full.

You visited 1 branch of the dungeon, and saw 4 of its levels.

You collected 62 gold pieces.


Innate Abilities, Weirdness & Mutations

You are too large for most types of armour.
You have claws for hands.
Your metabolism is lightning-fast.
You like to eat raw meat.
You heal very quickly.
You are covered in fur (AC +1).
You have very tough skin (AC +2).


   Skills:
 - Level 2.4 Fighting
 + Level 4.5 Dodging
 - Level 1.2 Stealth
 + Level 7.2 Unarmed Combat


You had 6 spell levels left.
You didn't know any spells.

Inventory:

Missiles
 g - 5 tomahawks (quivered)
Armour
 a - a +0 robe (worn)
 m - a +1 cloak (worn)
Scrolls
 f - a scroll of recharging {unknown}
 i - a scroll of identify {unknown}
 k - 2 scrolls of remove curse {unknown}
Potions
 d - 2 potions of lignification {unknown}
 e - 2 potions of cure mutation {unknown}
 l - a potion of might {unknown}
 n - a potion of degeneration {unknown}
Comestibles
 b - 4 bread rations
 c - 18 fruits
 h - 8 chunks of flesh
 j - 2 meat rations

Dungeon Overview and Level Annotations

Branches:
Dungeon (4/15)
 Temple: D:4-7

Altars:
Dithmenos
Makhleb
Okawaru


Message History

You claw the orc priest!
You kill the orc priest!
You feel sick. The adder bites you but does no damage.
You swing at nothing.
You feel sick. The adder barely misses you.
The orc wizard casts a spell at you. The magic dart hits you!
You miss the adder. The adder bites you but does no damage.
You miss the adder.
You feel sick. The adder completely misses you. The adder bites you.
You scratch the orc wizard but do no damage.
The adder misses you. The orc wizard barely misses you.
You scratch the orc wizard.
The orc wizard is heavily wounded.
You feel sick. The adder bites you.
You are more poisoned.
The adder poisons you!
The orc wizard hits you but does no damage.
You closely miss the orc wizard.
The orc wizard is heavily wounded.
You feel sick. The adder bites you but does no damage.
You closely miss the orc wizard.
The orc wizard is heavily wounded.
The orc wizard misses you. The adder bites you but does no damage.
You scratch the orc wizard.
The orc wizard is heavily wounded.
You feel sick. The adder bites you but does no damage.
The orc wizard casts a spell.
The orc wizard blinks!
You claw the adder!
You kill the adder!
You feel sick.
You swing at nothing.
You feel sick. The orc wizard casts a spell at you. The magic dart hits you!
You die...

#. ###.........
..##...........
.....#.........#
...............#
...............#
...............#
......[...#....
......%.0..#
#>######@..###.#
###.######).......
......<......##<.# #
##.##..##.o.# .. #.
#.##..##...#
###.#####.##..##.....
.....................%.
#................###.
+##+##.##..#..###..#


You could see an orc wizard.

Action                   |  1- 3 |  4- 6 |  7- 9 || total
-------------------------+-------+-------+-------++-------
Melee: Unarmed           |   102 |    87 |    14 ||   203
 Stab: Sleeping          |     5 |     1 |       ||     6
  Eat: Chunk             |    14 |     4 |       ||    18

Notes
Turn   | Place    | Note
--------------------------------------------------------------
     0 | D:1      | Duffy the Troll Monk began the quest for the Orb.
     0 | D:1      | Reached XP level 1. HP: 22/22 MP: 0/0
     2 | D:1      | Noticed a vampire
     2 | D:1      | Noticed a merfolk
     4 | D:1      | Noticed a troll
     6 | D:1      | Noticed an ogre
     6 | D:1      | Noticed a formicid
     8 | D:1      | Noticed a demigod
     8 | D:1      | Noticed an elf
    10 | D:1      | Noticed an octopode
    10 | D:1      | Noticed a human
    12 | D:1      | Noticed a felid
    12 | D:1      | Noticed a halfling
    14 | D:1      | Noticed a ghoul
    14 | D:1      | Noticed a demonspawn
    16 | D:1      | Noticed a tengu
    16 | D:1      | Noticed a minotaur
    18 | D:1      | Noticed a vine stalker
    18 | D:1      | Noticed a centaur
    20 | D:1      | Noticed a draconian
    22 | D:1      | Noticed a gargoyle
    22 | D:1      | Noticed a naga
    24 | D:1      | Noticed a dwarf
    26 | D:1      | Noticed a spriggan
    72 | D:1      | Reached XP level 2. HP: 27/29 MP: 1/1
   316 | D:1      | Reached XP level 3. HP: 27/36 MP: 2/2
   405 | D:1      | Reached skill level 5 in Unarmed Combat
   900 | D:3      | Reached XP level 4. HP: 44/44 MP: 3/3
   974 | D:3      | Noticed Jessica
   988 | D:3      | Killed Jessica
  1016 | D:3      | Noticed Crazy Yiuf
  1023 | D:3      | Killed Crazy Yiuf
  1023 | D:3      | Reached skill level 3 in Dodging
  1023 | D:3      | Reached XP level 5. HP: 34/50 MP: 4/4
  1088 | D:4      | Found a burning altar of Makhleb.
  1088 | D:4      | Found a shadowy altar of Dithmenos.
  1094 | D:4      | Reached skill level 6 in Unarmed Combat
  1201 | D:4      | Noticed Grinder
  1217 | D:4      | Paralysed by Grinder for 6 turns
  1228 | D:4      | Killed Grinder
  1228 | D:4      | Reached skill level 4 in Dodging
  1228 | D:4      | Reached XP level 6. HP: 10/59 MP: 5/5
  1229 | D:4      | Reached skill level 7 in Unarmed Combat
  1343 | D:4      | Found an iron altar of Okawaru.
  1374 | D:4      | Reached XP level 7. HP: 64/66 MP: 6/6
  1394 | D:4      | Killed from afar by an orc wizard

Vault maps used:
D:1:      kb_arrival_jail
D:2:      first_bread, grunt_decor_cap
D:3:      corexii_shack_village, kennysheep_generic_room_3, uniq_jessica,
          uniq_crazy_yiuf_cottage
D:4:      gammafunk_temple_overflow_forgotten, serial_shops,
          nicolae_shop_crystal, uniq_grinder

Vanquished Creatures
  Grinder
  4 orc priests
  An orc wizard Crazy Yiuf
  A hound Jessica
  A gnoll
  3 adders
  A worm
  2 giant geckos
  22 orcs
  A ball python
  8 bats
  2 giant cockroaches
  5 goblins
  7 hobgoblins
  4 jackals
  A giant newt
  7 kobolds
  8 rats
81 creatures vanquished.
